cohdb
Replays
Latest Replays
All Replays
Popular Replays
Top Player Replays
Match Explorer
How It Works
Community
CoH3 Stats
Reddit
Sign in to upload your games and track your stats! →
Sign in with Steam
Match 45364776
Unlisted
Match 45364776
Overview
Messages
Build Orders
End
Selects Australian Defense Battlegroup
Selects Australian Light Infantry Section
Australian Light Infantry Section
Construct Section Command Post
Dingo Light Scout Car
Australian Light Infantry Section
Selects Defensive Tactics
Vickers Machine Gun Team
Construct Platoon Command Post
Humber Armored Car
Selects CMP 15cwt Supply Run
CMP 15cwt Truck
6-pounder Anti-tank Gun Team
Selects Hold the Line!
Selects Reinforced Resource Caches
Team Weapon Training
Australian Light Infantry Section
Enemy Dave
RitraXP
Microsoft Word
combat_carl
Bootz
Tvman265
Magmakarp
Stubbs
0
0
Comments
sign in to comment!
No comments posted yet!